 Dungeon Crawl Stone Soup version 0.19.1 (webtiles) character file.

2249 Infernelias the Grappler (level 9, -6/85 HPs)
             Began as a Troll Berserker on Dec 12, 2016.
             Was an Elder of Trog.
             Mangled by an orc warrior
             ... wielding a +0 mace
              (12 damage)
             ... on level 8 of the Dungeon on Dec 13, 2016.
             The game lasted 00:50:27 (6605 turns).

Infernelias the Grappler (Troll Berserker)          Turns: 6605, Time: 00:50:27

Health: -6/85      AC:  5    Str: 29    XL:     9   Next: 15%
Magic:  8/8        EV: 11    Int:  3    God:    Trog [****..]
Gold:   243        SH:  0    Dex: 10    Spells: 0 memorised, 8 levels left

rFire  . . .     SeeInvis .       - Unarmed
rCold  . . .     Gourm    +     a - +0 animal skin
rNeg   . . .     Faith    .     (no shield)
rPois  .         Spirit   .     (helmet restricted)
rElec  .         Reflect  .     (no cloak)
rCorr  .         Harm     .     (gloves unavailable)
MR     .....                    (boots unavailable)
Stlth  ++........               (no amulet)
                                (no ring)
                                (no ring)

@: exhausted, slowed, very slow
A: unfitting armour, claws 3, fast metabolism 3, gourmand, regeneration 1,
shaggy fur 1, tough skin 2
a: Berserk, Trog's Hand, Brothers in Arms, Burn Spellbooks, Renounce Religion


You were on level 8 of the Dungeon.
You worshipped Trog.
Trog was greatly pleased with you.
You were not hungry.

You visited 1 branch of the dungeon, and saw 8 of its levels.

You collected 243 gold pieces.

Inventory:

Hand Weapons
 y - a +0 hunting sling
Missiles
 m - 155 stones (quivered)
 s - 16 poisoned needles
Armour
 a - a +0 animal skin (worn)
Wands
 t - a wand of iceblast (5/15)
Scrolls
 d - 2 scrolls of enchant weapon
 f - 3 scrolls of identify
 g - a scroll of immolation
 i - a scroll of fear
 k - a scroll of recharging
 n - a scroll of remove curse
 q - a scroll of teleportation {unknown}
 z - a scroll of random uselessness {unknown}
Potions
 c - 4 potions of agility
 e - a potion of berserk rage
 h - a potion of flight {unknown}
 j - a potion of might {unknown}
 l - a potion of resistance {unknown}
 o - 2 potions of haste {unknown}
 u - a potion of cancellation {unknown}
 v - a potion of lignification {unknown}
Books
 w - a book of Necromancy

   Spells                             Type                      Level
   a - Pain                           Necromancy                   1
   b - Animate Skeleton               Necromancy                   1
   c - Vampiric Draining              Necromancy                   3
   d - Regeneration                   Charms/Necromancy            3
   e - Animate Dead                   Necromancy                   4
   f - Control Undead                 Necromancy                   4
   Trog disapproves of the use of such an item.
 A - Vehumet's Tome of Battle Magic
   (You found it on level 7 of the Dungeon)

   Spells                             Type                      Level
   a - Magic Dart                     Conjuration                  1
   Trog disapproves of the use of such an item.
Comestibles
 b - 6 bread rations
 r - 2 slices of pizza
 x - a beef jerky


   Skills:
 + Level 4.3 Fighting
 + Level 4.8 Dodging
 + Level 2.2 Stealth
 + Level 9.9 Unarmed Combat


You had 8 spell levels left.
You didn't know any spells.

Dungeon Overview and Level Annotations

Branches:
Dungeon (8/15)             Temple (0/1) D:4
   Lair: D:8-11

Altars:
Kikubaaqudgha
Sif Muna
Uskayaw
Vehumet
Xom
The Shining One

Shops:
D:6 !   D:8 [

Portals:
Sewer: D:6


Innate Abilities, Weirdness & Mutations

You are too large for most types of armour.
You have claws for hands.
Your metabolism is lightning-fast.
You like to eat raw meat.
Your natural rate of healing is unusually fast.
You are covered in fur. (AC +1)
You have very tough skin. (AC +2)


Message History

There are monsters nearby!
You feel your anger subside.
You are no longer berserk.
You are exhausted.
You feel yourself slow down.
You claw the orc warrior!
The orc warrior is heavily wounded.
The orc warrior hits you with a mace!
* * * LOW HITPOINT WARNING * * *
The orc wizard casts a spell.
The orc wizard flickers and vanishes!
Deactivating autopickup; reactivate with Ctrl-A.
Unknown command.
You claw the orc warrior!
The orc warrior is severely wounded.
The orc warrior hits you with a mace!
* * * LOW HITPOINT WARNING * * *
The orc warrior barely misses you. The orc warrior closely misses you.
The orc warrior hits you with a mace!
You die...

.> # ###. ##.. #∩##.. ....#
#.##.# .##.# ### #.##)##.##.#
#.. # #.......##.# #.# #
#.......##.# #.# .#.##
#.#)..####.# #.# .....
.######.#...@....# #.# ##.##
..........#o####.###.#####.##
#######.###.#.....[........##
#.###.#.##.#######.####
#o...o#.#### #.....)
#.######### #.###.. #.# #8##
#[# #.. #.# ...8## #.# #..
#.# ....####.###..


You could see an orc warrior and an orc.

Vanquished Creatures
  The ghost of M4edhros the Covert, a novice OpAr (D:6)
  The ghost of baghtru the Chopper, an amateur HOFi (D:4)
  An orc warrior (D:7)
  A centaur (D:6)
  4 ogres
  4 bullfrogs
  A scorpion (D:4)
  A howler monkey (D:4)
  2 jellies
  3 orc priests
  4 hounds
  6 orc wizards
  2 bullfrog skeletons
  An iguana (D:4)
  Ijyb (D:3)
  6 worker ants
  3 gnolls (D:4)
  3 adders
  2 oozes
  7 worms
  2 dart slugs
  2 leopard geckos
  24 orcs
  11 bats
  5 giant cockroaches
  8 goblins
  5 hobgoblins
  13 jackals
  13 kobolds
  3 quokkas
  3 ball pythons (D:6)
  3 frilled lizards
  7 rats
153 creatures vanquished.

Vanquished Creatures (others)
  5 dream sheep (D:3)
5 creatures vanquished.

Grand Total: 158 creatures vanquished

Notes
Turn   | Place    | Note
-------+----------+-------------------------------------------
     0 | D:1      | Infernelias the Troll Berserker began the quest for the Orb.
     0 | D:1      | Reached XP level 1. HP: 22/22 MP: 0/0
   299 | D:1      | Reached XP level 2. HP: 25/29 MP: 1/1
  1495 | D:2      | Reached XP level 3. HP: 33/36 MP: 2/2
  1747 | D:2      | Reached ** piety under Trog
  2258 | D:2      | Found a glowing golden altar of the Shining One.
  2309 | D:3      | Reached XP level 4. HP: 45/45 MP: 3/3
  2374 | D:3      | Noticed Ijyb
  2379 | D:3      | Reached skill level 4 in Unarmed Combat
  2401 | D:3      | Killed Ijyb
  2401 | D:3      | Reached XP level 5. HP: 50/53 MP: 4/4
  2545 | D:3      | Noticed a dream sheep
  2545 | D:3      | Noticed a dream sheep
  2545 | D:3      | Noticed a dream sheep
  2545 | D:3      | Noticed a dream sheep
  2545 | D:3      | Noticed a dream sheep
  2545 | D:3      | Found a shimmering altar of Xom.
  2551 | D:3      | Killed a dream sheep
  2551 | D:3      | Killed a dream sheep
  2551 | D:3      | Killed a dream sheep
  2551 | D:3      | Killed a dream sheep
  2552 | D:3      | Killed a dream sheep
  2698 | D:3      | Found a faded altar of an unknown god.
  2747 | D:4      | Found a staircase to the Ecumenical Temple.
  2747 | D:4      | Found a hide-covered altar of Uskayaw.
  2764 | D:4      | Reached *** piety under Trog
  2764 | D:4      | Reached skill level 5 in Unarmed Combat
  2822 | D:4      | Reached XP level 6. HP: 61/61 MP: 5/5
  2978 | D:4      | Reached skill level 6 in Unarmed Combat
  3066 | D:4      | Noticed baghtru's ghost (amateur HOFi)
  3084 | D:4      | Killed baghtru's ghost
  3084 | D:4      | Reached XP level 7. HP: 52/67 MP: 6/6
  3858 | D:4      | Reached skill level 7 in Unarmed Combat
  3983 | D:5      | Entered Level 5 of the Dungeon
  4705 | D:5      | Reached skill level 1 in Stealth
  5156 | D:5      | Reached XP level 8. HP: 58/78 MP: 7/7
  5302 | D:6      | Reached skill level 8 in Unarmed Combat
  5318 | D:6      | Noticed M4edhros's ghost (novice OpAr)
  5331 | D:6      | Killed M4edhros's ghost
  5365 | D:6      | Found Voetoule's Distillery.
  5459 | D:6      | Found a glowing drain.
  5599 | D:6      | Reached skill level 9 in Unarmed Combat
  6169 | D:7      | Reached **** piety under Trog
  6169 | D:7      | Reached XP level 9. HP: 84/84 MP: 8/8
  6298 | D:7      | Found an ancient bone altar of Kikubaaqudgha.
  6300 | D:7      | Found a deep blue altar of Sif Muna.
  6302 | D:7      | Found a radiant altar of Vehumet.
  6322 | D:7      | Identified Vehumet's Tome of Battle Magic
  6587 | D:8      | Found Daoqaqaiw's Armour Boutique.
  6600 | D:8      | HP: 1/85 [orc warrior/mace (7)]
  6605 | D:8      | Mangled by an orc warrior

Skill      XL: |  1  2  3  4  5  6  7  8 |
---------------+-------------------------+-----
Fighting       | 3 4 |  4.3
Unarmed Combat | 4 5 6 7 9 |  9.9
Dodging        | 3 4 |  4.8
Stealth        | 1 2 |  2.2

Action                   |  1- 3 |  4- 6 |  7- 9 || total
-------------------------+-------+-------+-------++-------
Melee: Unarmed           |   105 |   112 |   189 ||   406
       Punch             |     1 |     4 |     3 ||     8
Invok: Berserk           |     1 |     4 |     8 ||    13
       Trog's Hand       |       |     1 |     1 ||     2
  Use: Potion            |     1 |       |     2 ||     3
       Scroll            |       |       |     7 ||     7
 Stab: Sleeping          |     1 |       |     3 ||     4
  Eat: Chunk             |    18 |     5 |    17 ||    40
       Meat ration       |     1 |     1 |     3 ||     5
       Pizza             |       |     1 |       ||     1
       Bread ration      |       |       |     1 ||     1
       Royal jelly       |       |       |     1 ||     1
Armor: Animal skin       |    48 |    29 |    45 ||   122
Dodge: Dodged            |    64 |    59 |    83 ||   206
